 BcadrenCrawl: Boulder Brew version 0.04.2-10-g17648f679b (webtiles) character file.

Game seed: 9239753296911760780, levelgen mode: deterministic

12782 diana the Warrior (level 11, -3/122 HPs) Platinum Draconian Demigod. Began on May 1, 2021. Slain by a demonic crawler (7 damage) ... on level 6 of the Dungeon. The game lasted 00:17:36 (5486 turns).

diana the Warrior (Platinum Draconian Demigod)      Turns: 5486, Time: 00:17:37

Health: -3/122     AC:  8    Str: 23    XL:     11 ^: 7721
Magic:  14/14      EV: 16    Int: 15    God:
Gold:   538        SH:  0    Dex: 13    Spells: 11/12 levels left

rFire    . . .     Vision   .   x - +2 scimitar (molten)
rCold    . . .     Gourm    .   (no weapon)
rNeg     . . .     Faith    .   (armour unavailable)
rPois    .         Spirit   .   (helmet restricted)
rElec    .         Reflect  .   (no cloak)
rCorr    .         Harm     .   (no gloves)
MR       .....                  (no boots)
Stlth    +++.......             u - amulet of rage
HPRegen  0.50/turn              f - ring of stealth
MPRegen  0.24/turn              j - ring of slaying (curse) {(Curse: MR-)}

@: berserk cooldown, quick
A: no body armour, unfitting armour, high mp 1, cold-blooded, boosted slings
aptitude, translocation, transmutation and hexes enhancers 1, fast, rMut, AC +8
a: Breathe Mutagenic Radiation, Evoke Berserk Rage


You were on level 6 of the Dungeon.
You were near starving.

You visited 1 branch of the dungeon, and saw 6 of its levels.

You collected 538 gold pieces.

Inventory:

Weapons
 a - a +0 long sword
 p - a +4 long sword
 x - a +2 scimitar of molten steel (weapon)
Jewellery
 f - a ring of stealth (left hand)
 j - a cursed ring of slaying (right hand) {(Curse: MR-)}
 l - an uncursed ring of protection from magic
 u - an amulet of rage (around neck)
Wands
 m - a wand of polymorph (1)
 o - a wand of ensnaring (1)
 s - a wand of disintegration (1)
 y - a wand of enslavement (2)
Scrolls
 b - 2 scrolls of fog
 d - 10 scrolls of teleportation
 e - a scroll of fear
 i - 2 scrolls of bless item
 q - 2 scrolls of amnesia
 t - 3 scrolls of enchantment
 v - 3 scrolls of magic mapping
 B - 2 scrolls of silence
Potions
 g - 7 potions of curing
 h - 2 potions of ambrosia
 k - a potion of beneficial mutation
 n - a potion of heal wounds
 w - a potion of magic
 z - 5 potions of agility
 A - a potion of berserk rage
Miscellaneous
 r - 2 boxes of beasts
Comestibles
 c - 16 rations


   Skills:
 - Level 15.0 Fighting
 + Level 7.0 Long Blades
 - Level 7.0 Dodging
 - Level 1.3 Stealth
 - Level 1.3 Spellcasting
 - Level 1.5 Fire Magic


You had 11 spell levels left.
You knew the following spells:

 Your Spells              Type           Power        Failure   Level  Hunger
a - Flame Tongue          Fire           5 (30)       13%         1    ##.....

Your spell library contained the following spells:

 Spells                   Type           Power        Failure   Level  Hunger
 Blink                    Tloc           N/A          34%         2    ###....
 Call Imp                 Summ           1 (100)      34%         2    ###....
 Corpse Rot               Tmut/Necr      N/A          34%         2    ###....
 Slow                     Hex            1 (100)      34%         2    ###....
 Sublimation of Blood     Necr           1 (200)      34%         2    ###....
 Conjure Flame            Fire           5 (100)      36%         3    ####...
 Mephitic Cloud           Pois/Air       1 (100)      56%         3    ####...
 Bolt of Draining         Necr           1 (200)      100%        5    ######.
 Excruciating Wounds      Chrm/Necr      1 (200)      100%        5    ######.
 Agony                    Necr           1 (180)      100%        6    #######


Dungeon Overview and Level Annotations

Branches:
Dungeon (6/8)              Temple (0/1) D:4            Lair (0/6) D:5
    Orc (0/2) D:6

Shops:
D:3 *   D:5 }

Annotations:
D:6 Jorgrun


Innate Abilities, Weirdness & Mutations

You cannot fit into any form of body armour.
Your lustrous platinum scales are resilient. (AC +8)
You can breathe blasts of radiation.
You have an increased reservoir of magic. (+10% MP)
You are cold-blooded and may be slowed by cold attacks.
You are naturally skilled at Slings (Aptitude +3).
You are in touch with the powers of translocation, transmutation and hexes.
Your lustrous platinum scales increase your movement speed and make you resistant to mutation. (fast, rMut)


Message History

As you read the scroll of fear, it crumbles to dust.
You assume a fearsome visage.
The demonic crawler is unaffected.
The vampire mosquito is unaffected.
The demonic crawler is unaffected.
The centaur warrior looks frightened!
The meliai zombie is unaffected.
The meliai zombie hits you (5).
* * * LOW HITPOINT WARNING * * *
The meliai zombie hits you but does no damage.
The demonic crawler hits you (1).
* * * LOW HITPOINT WARNING * * *
The demonic crawler hits you (5).
* * * LOW HITPOINT WARNING * * *
The demonic crawler hits you but does no damage.
The vampire mosquito closely misses you (0).
The meliai zombie closely misses you (0).
You riposte.
The demonic crawler gives a hideous shriek!
You slash the meliai zombie (16)! You burn the meliai zombie (16)!
The meliai zombie hits you but does no damage.
The demonic crawler hits you (7)!
You die...

##... #....
#######...
#...#.....
........#
######..#
#)#.Z#
#.##s@#
#.#y##
#.##s†y#
#.#.#...#
#s##....#
###.#....#
...........
###
........#
######....


You could see 3 demonic crawlers, a vampire mosquito and a meliai zombie.

Vanquished Creatures
  A two-headed ogre (D:5)
  A hydra (D:6)
  Maurice (D:6)
  A gargoyle (D:6)
  2 trolls (D:5)
  5 wraiths (D:3)
  A cyclops (D:5)
  A spriggan (D:4)
  A hippogriff (D:5)
  Grum (D:4)
  4 war dogs
  2 guardian mummies (D:5)
  A vampire mosquito (D:6)
  5 phantoms
  2 water moccasins (D:2)
  5 orc warriors
  6 porcupines
  3 scorpions
  3 sky beasts
  2 black bears (D:5)
  2 ice beasts
  An ogre (D:5)
  A wolf (D:5)
  7 crocodiles (D:5)
  7 big kobolds (D:2)
  11 bullfrogs
  2 troll zombies (D:6)
  4 centaurs
  A howler monkey (D:6)
  A harpy skeleton (D:3)
  4 killer bees (D:5)
  9 wights
  A hornet zombie (D:4)
  2 quasits (D:5)
  5 orc priests
  4 hounds
  10 jellies (D:2)
  6 mummies (D:5)
  3 iguanas
  5 ogre zombies (D:6)
  7 worker ants
  8 orc wizards
  2 wyvern skeletons (D:4)
  5 giant cockroaches
  6 bullfrog zombies
  6 bullfrog skeletons
  A porcupine skeleton (D:5)
  16 adders
  43 sewer rats (D:2)
  10 cinder newts
  5 worms (D:2)
  7 oozes
  A worker ant zombie (D:5)
  A howler monkey skeleton (D:3)
  4 hound skeletons (D:5)
  A dart slug (D:1)
  8 leopard geckos
  36 orcs
  5 adder skeletons
  An adder zombie (D:5)
  4 bats
  2 cinder newt skeletons (D:2)
  8 goblins (D:1)
  5 hobgoblins (D:1)
  4 jackals
  4 quokkas
  2 ball pythons (D:2)
  2 bat skeletons (D:2)
  A goblin skeleton (D:6)
  3 goblin zombies (D:6)
  4 hobgoblin zombies (D:6)
  31 kobolds
  6 orc skeletons (D:6)
  9 orc zombies (D:6)
  A quokka skeleton (D:5)
  8 rats (D:1)
  A butterfly (D:5)
  2 withered plants (D:2)
404 creatures vanquished.

Vanquished Creatures (others)
  A giant cockroach (D:2)
  A bat (D:2)
  5 kobolds (D:2)
  3 bushes (D:5)
  3 fungi (D:5)
  15 plants (D:5)
  3 slimeheads (D:2)
  149 withered plants (D:2)
180 creatures vanquished.

Grand Total: 584 creatures vanquished

Notes
Turn   | Place    | Note
-------+----------+-------------------------------------------
     0 | D:1      | diana the Immature Draconian Demigod began the quest for
                  | the Orb.
     0 | D:1      | Reached XP level 1. HP: 18/18 MP: 3/3
    41 | D:1      | Reached skill level 2 in Fighting
    41 | D:1      | Reached XP level 2. HP: 26/26 MP: 4/4
   410 | D:1      | Reached XP level 3. HP: 33/33 MP: 5/5
   528 | D:1      | Reached skill level 3 in Fighting
   740 | D:2      | Reached XP level 4. HP: 42/42 MP: 6/6
   826 | D:2      | Noticed a water moccasin
   831 | D:2      | Killed a water moccasin
   831 | D:2      | Reached skill level 4 in Fighting
   831 | D:2      | Reached XP level 5. HP: 39/51 MP: 7/7
   993 | D:2      | Reached skill level 5 in Fighting
   993 | D:2      | Reached XP level 6. HP: 57/61 MP: 8/8
  1094 | D:2      | Reached skill level 6 in Fighting
  1164 | D:2      | Your scales start taking on a lustrous platinum colour.
  1164 | D:2      | Reached XP level 7. HP: 59/69 MP: 9/9
  1164 | D:2      | Gained mutation: Your lustrous platinum scales increase
                  | your movement speed and make you resistant to mutation.
                  | (fast, rMut) [Platinum Draconian growth]
  1164 | D:2      | Gained mutation: You are in touch with the powers of
                  | translocation, transmutation and hexes. [Platinum Draconian
                  | growth]
  1258 | D:2      | Reached skill level 7 in Fighting
  1382 | D:2      | Reached XP level 8. HP: 72/81 MP: 11/11
  1470 | D:2      | Reached skill level 8 in Fighting
  2045 | D:2      | Reached skill level 9 in Fighting
  2049 | D:2      | Reached skill level 5 in Dodging
  2493 | D:3      | Reached skill level 10 in Fighting
  2493 | D:3      | Reached skill level 5 in Long Blades
  2493 | D:3      | Reached XP level 9. HP: 48/93 MP: 12/12
  2604 | D:3      | Reached skill level 11 in Fighting
  2716 | D:3      | Found Hohujet's General Store.
  2893 | D:4      | Noticed Grum
  2898 | D:3      | Reached skill level 12 in Fighting
  3001 | D:4      | Killed Grum
  3210 | D:4      | Reached skill level 13 in Fighting
  3259 | D:4      | Found a staircase to the Ecumenical Temple.
  3282 | D:4      | Gained mutation: You are naturally skilled at Slings
                  | (Aptitude +3). [draconic bloodline]
  3282 | D:4      | Reached XP level 10. HP: 80/110 MP: 13/13
  3571 | D:5      | Entered Level 5 of the Dungeon
  3703 | D:5      | Noticed a two-headed ogre
  3721 | D:5      | Killed a two-headed ogre
  3738 | D:5      | Found Sidepn's Gadget Shop.
  3831 | D:5      | Reached skill level 14 in Fighting
  4188 | D:5      | Found a staircase to the Lair.
  4203 | D:5      | Reached XP level 11. HP: 117/121 MP: 14/14
  5058 | D:5      | Reached skill level 15 in Fighting
  5234 | D:6      | Noticed an eight-headed hydra
  5238 | D:6      | Killed a six-headed hydra
  5406 | D:6      | Noticed Maurice
  5411 | D:6      | Found a staircase to the Orcish Mines.
  5414 | D:6      | Killed Maurice
  5424 | D:6      | Noticed Jorgrun
  5466 | D:6      | Found an iron altar of Okawaru.
  5484 | D:6      | HP: 2/122 [demonic crawler (11)]
  5486 | D:6      | Slain by a demonic crawler

Levels and vault maps discovered:
D:1:      matt_arrival_diagonals, layout_loops_ring, first_ration,
          minmay_split_cup_large
D:2:      layout_sewer
D:3:      layout_rooms, serial_shops, shop, miniossuary_due_ghosttown
D:4:      layout_rooms, temple_doors_e, the_bakery, uniq_grum
D:5:      ossuary_tomb_3, layout_irregular_city, minmay_lair_entry_grove,
          serial_shops, shop, kennysheep_path_1, grunt_decor_arrowhead,
          minmay_checkerbox
D:6:      layout_twisted_cavern, amethyst_overflow_temple_binary,
          zombieorc2_lemuel, serial_shops, shop_coins, grunt_ministairs_2,
          einodemon_crawler_minivault, uniq_maurice, uniq_jorgrun

Skill      XL: |  1  2  3  4  5  6  7  8  9 10 11 |
---------------+----------------------------------+-----
Fighting       | 2 3 4 5 6 7 10 13 14 15 | 15.0
Long Blades    | 2 3 4 5 6 7 |  7.0
Dodging        | 3 4 5 6 7 |  7.0
Stealth        | |  1.3
Spellcasting   | |  1.3
Fire Magic     | |  1.5

Action                   |  1- 3 |  4- 6 |  7- 9 | 10-12 || total
-------------------------+-------+-------+-------+-------++-------
Melee: Long sword        |    37 |    70 |   241 |    14 ||   362
       Unarmed           |    15 |    47 |   151 |   100 ||   313
       Tailslap          |     1 |     6 |    35 |    28 ||    70
       Scimitar          |       |       |       |   219 ||   219
 Cast: Flame Tongue      |       |       |     1 |       ||     1
 Abil: Breathe Mutagenic |       |       |       |     1 ||     1
       Evoke Berserk Rag |       |       |       |     1 ||     1
  Use: Scroll            |       |       |       |     3 ||     3
       Potion            |       |       |       |     3 ||     3
 Stab: Sleeping          |     4 |     3 |     8 |     8 ||    23
       Distracted        |       |       |     1 |     5 ||     6
  Eat: Chunk             |       |     1 |     9 |     3 ||    13
       Ration            |       |       |       |     1 ||     1
Armor: Skin              |     5 |    11 |    83 |    62 ||   161
Dodge: Dodged            |    23 |    57 |   230 |   179 ||   489
       Rpst.: Long sword |    10 |    25 |    84 |     1 ||   120
       Scimitar          |       |       |       |    43 ||    43
